 Dungeon Crawl Stone Soup version 0.29-a0-870-g2c972031a6 (webtiles) character file.

Game seed: 4471655526885541284

3175 xian the Carver (level 9, -1/69 HPs)
             Began as a Demonspawn Abyssal Knight on July 17, 2022.
             Was an Elder of Lugonu.
             Shot with a bolt by an orc warrior (6 damage)
             ... on level 9 of the Dungeon.
             The game lasted 00:25:09 (10283 turns).

xian the Carver (Demonspawn Abyssal Knight)        Turns: 10283, Time: 00:25:09

Health: -1/69      AC: 21    Str: 18    XL:     9   Next: 63%
Magic:  10/10      EV:  6    Int: 17    God:    Lugonu [****..]
Gold:   417        SH:  5    Dex: 20    Spells: 8/8 levels left

rFire   . . .      SeeInvis .   a - +1 falchion
rCold   . . .      Faith    .   (no shield)
rNeg    . . .      Spirit   .   m - +0 plate armour
rPois   +          Reflect  +   (helmet restricted)
rElec   .          Harm     .   (no cloak)
rCorr   .          Rampage  .   d - +0 pair of gloves of Defence {rPois}
Will    .....                   E - +0 pair of boots
Stlth   ..........              t - amulet of reflection
HPRegen 0.21/turn               j - +6 ring of dexterity
MPRegen 0.12/turn               q - +6 ring of intelligence

@: sanguine armoured
A: antennae 2, spiny 1, sanguine armour 1
a: Renounce Religion, Depart the Abyss, Bend Space, Banish, Corrupt


You were on level 9 of the Dungeon.
You worshipped Lugonu.
Lugonu was greatly pleased with you.
You visited 1 branch of the dungeon, and saw 9 of its levels.
You visited the Abyss 1 time.
You also visited: Sewer.

You collected 441 gold pieces.
You spent 24 gold pieces at shops.

Inventory:

Hand Weapons
 a - a +1 falchion (weapon)
Missiles
 i - 5 atropa-tipped darts
 n - a throwing net
 r - 17 poisoned darts (quivered)
Armour
 d - the +0 pair of gloves of Defence (worn) {rPois}
   (You found it on level 2 of the Dungeon)

   rPois:     It protects you from poison.
 m - a +0 plate armour (worn)
 E - a +0 pair of boots (worn)
Jewellery
 b - a ring of magical power
 j - a +6 ring of dexterity (left hand)
 q - a +6 ring of intelligence (right hand)
 t - an amulet of reflection (around neck)
 u - a ring of protection from cold
Wands
 C - a wand of acid (6)
 F - a wand of flame (16)
Scrolls
 c - a scroll of magic mapping
 e - 4 scrolls of teleportation
 k - 3 scrolls of blinking
 l - a scroll of fear
 o - 2 scrolls of enchant weapon
 s - a scroll of amnesia
 x - 2 scrolls of fog {unknown}
 y - a scroll of vulnerability {unknown}
 B - a scroll of immolation {unknown}
 H - 2 scrolls of identify
 J - a scroll of poison {unknown}
Potions
 f - a potion of ambrosia {unknown}
 g - a potion of haste
 h - 5 potions of curing {unknown}
 v - a potion of invisibility {unknown}
 w - 3 potions of brilliance {unknown}
 z - a potion of cancellation {unknown}
 A - 4 potions of mutation {unknown}
 D - a potion of magic {unknown}
 G - a potion of attraction {unknown}
 I - a potion of lignification {unknown}


   Skills:
 + Level 5.8 Fighting
 + Level 8.1 Long Blades
 + Level 0.5 Throwing
 + Level 6.9 Armour
 + Level 1.9 Dodging
 + Level 1.2 Stealth
 + Level 4.1 Shields
 + Level 2.5 Invocations
 + Level 1.1 Evocations


You had 8 spell levels left.
You didn't know any spells.
Your spell library contained the following spells:

 Spells                   Type           Power      Damage    Failure   Level
 Beastly Appendage        Tmut           0%         N/A       100%        1
 Freeze                   Ice            0%         1d3       100%        1
 Ensorcelled Hibernation  Hex/Ice        0%         N/A       100%        2
 Passwall                 Tmut/Erth      0%         N/A       100%        2
 Wereblood                Tmut           0%         N/A       100%        2
 Frozen Ramparts          Ice            0%         1d2       100%        3
 Spider Form              Tmut/Pois      0%         N/A       100%        3
 Swiftness                Air            0%         N/A       100%        3
 Hailstorm                Conj/Ice       0%         3d3       100%        4
 Alistair's Intoxication  Tmut/Pois      0%         N/A       100%        5
 Borgnjor's Vile Clutch   Necr/Erth      0%         N/A       100%        5
 Eringya's Noxious Bog    Tmut/Pois      0%         N/A       100%        6


Dungeon Overview and Level Annotations

Branches:
Dungeon (9/15)             Temple (0/1) D:7           Sewer (visited)
   Lair: D:8-11         Orc: D:9-12

Altars:
Kikubaaqudgha
Trog
Uskayaw
Vehumet

Shops:
D:1 ?   D:3 =   D:7 **

Annotations:
D:3 unique ring
D:6 1 transporter
D:7 2 transporters, PyroL's ghost, novice HOFi


Innate Abilities, Weirdness & Mutations

You have a pair of antennae on your head.
You are partially covered in sharp spines.
When seriously injured, your blood forms armour. (AC +6)


Message History

You block the orc's attack.
You hit the orc.
The orc is almost dead.
The orc hits you but does no damage. You block the orc warrior's attack.
You hit the orc but do no damage.
The orc is almost dead.
The orc warrior shoots a bolt.
You reflect the bolt off an invisible shield around you!
The bolt completely misses the orc.
The bolt barely misses the orc warrior.
The orc hits you but does no damage. The orc warrior barely misses you.
The orc barely misses you.
You slash the orc!
You kill the orc!
Lugonu accepts your kill.
The orc warrior shoots a bolt.
The bolt completely misses you.
You hit the orc.
The orc is moderately wounded.
The orc warrior hits you but does no damage.
The orc hits you but does no damage.
You hit the orc.
You kill the orc!
Lugonu accepts your kill.
The orc warrior hits you from afar with a +0 glaive!
* * * LOW HITPOINT WARNING * * *
The orc warrior unwields a +0 arbalest.
The orc warrior wields a +0 glaive.
The orc warrior hits you with a +0 glaive.
* * * LOW HITPOINT WARNING * * *
Okay, then.
Blink to where?
Press: ? - help, Dir - move target
As you read the scroll of blinking, it crumbles to dust.
There are monsters nearby!
Found a robe.
The orc warrior unwields a +0 glaive.
The orc warrior wields a +0 arbalest.
The orc warrior shoots a bolt.
The bolt hits you but does no damage.
The orc warrior shoots a bolt.
You reflect the bolt off an invisible shield around you!
The bolt hits the orc warrior!!
The orc warrior shoots a bolt.
The bolt hits you.
You die...

#............
#............
#.)########## #))# #o§#
#..###################.
#......................
#......................
#.......o......@.......
#........>......[^.....
#.......o..............
#......................
#.....<................
#.....<................
#......................
#######################


You could see 2 orc warriors.

Vanquished Creatures
  Maurice (D:8)
  A hornet (D:8)
  Prince Ribbit (D:7)
  3 yaks (D:8)
  A wyvern (D:8)
  A water moccasin (D:5)
  An ice beast (D:4)
  A sky beast (D:6)
  3 centaurs
  A phantom (D:4)
  4 bullfrogs
  2 kobold brigands (Sewer)
  2 scorpions
  4 wights (D:7)
  3 howler monkeys
  4 hounds
  An orc priest (D:7)
  A jelly (D:6)
  An iguana (D:7)
  2 orc wizards
  7 adders
  2 white imps
  2 ufetubi (D:7)
  3 worms
  4 dart slugs
  22 orcs
  11 bats
  10 endoplasms
  A giant cockroach (D:5)
  7 goblins
  7 hobgoblins
  5 quokkas
  9 ball pythons
  5 frilled lizards
  19 kobolds
  12 rats
164 creatures vanquished.

Vanquished Creatures (others)
  19 plants
19 creatures vanquished.

Grand Total: 183 creatures vanquished

Notes
Turn   | Place    | Note
-------+----------+-------------------------------------------
     0 | Abyss:1  | xian the Demonspawn Abyssal Knight began the quest for the
                  | Orb.
     0 | Abyss:1  | Reached XP level 1. HP: 18/18 MP: 2/2
     1 | D:1      | Escaped the Abyss
   184 | D:1      | Reached skill level 2 in Long Blades
   184 | D:1      | Gained mutation: You have a pair of small antennae on your
                  | head. [demonic ancestry]
   184 | D:1      | Reached XP level 2. HP: 20/24 MP: 3/3
  1098 | D:1      | Reached skill level 1 in Dodging
  1226 | D:1      | Reached XP level 3. HP: 30/30 MP: 4/4
  1576 | D:1      | Found Pilim's Magic Scroll Emporium.
  1582 | D:1      | Bought 2 scrolls of noise for 24 gold pieces
  1846 | D:2      | Found a faded altar of an unknown god.
  1866 | D:2      | Identified the +0 pair of gloves of Defence {rPois}
  1978 | D:2      | Reached *** piety under Lugonu
  2400 | D:2      | Gained mutation: When seriously injured, your blood forms
                  | armour. (AC +6) [demonic ancestry]
  2400 | D:2      | Reached XP level 4. HP: 37/37 MP: 5/5
  2817 | D:3      | Reached skill level 3 in Long Blades
  3307 | D:3      | Found Innauk's Jewellery Shop.
  3346 | D:3      | Reached XP level 5. HP: 40/42 MP: 6/6
  3814 | D:4      | Reached **** piety under Lugonu
  4054 | D:4      | Noticed an ice beast
  4069 | D:4      | Killed an ice beast
  4070 | D:4      | Reached skill level 4 in Long Blades
  4070 | D:4      | Reached XP level 6. HP: 28/48 MP: 7/7
  4712 | D:4      | Reached skill level 5 in Long Blades
  4857 | D:5      | Entered Level 5 of the Dungeon
  4903 | D:5      | Found a glowing drain.
  4908 | Sewer    | Entered a sewer
  4972 | Sewer    | Reached skill level 1 in Shields
  5063 | Sewer    | Reached XP level 7. HP: 45/55 MP: 8/8
  5654 | D:5      | Noticed an angel
  6193 | D:5      | Found an ancient bone altar of Kikubaaqudgha.
  6482 | D:6      | Reached skill level 6 in Long Blades
  6688 | D:6      | Found a transporter.
  6691 | D:6      | Noticed a kobold demonologist
  6735 | D:6      | Found a transporter.
  6812 | D:6      | Gained mutation: You are partially covered in sharp spines.
                  | [demonic ancestry]
  6812 | D:6      | Reached XP level 8. HP: 54/61 MP: 9/9
  7661 | D:6      | Noticed a red devil
  7666 | D:6      | HP: 2/61 [chaos spawn[a kobold demonologist] (12)]
  7876 | D:7      | Noticed Prince Ribbit
  7891 | D:7      | Killed Prince Ribbit
  8105 | D:7      | Reached skill level 5 in Armour
  8258 | D:7      | Reached skill level 5 in Fighting
  8369 | D:7      | Found Tulozemparr's General Store.
  8373 | D:7      | Found Ifattoe's Specific Store.
  8382 | D:7      | Reached skill level 7 in Long Blades
  8488 | D:7      | Found a staircase to the Ecumenical Temple.
  8497 | D:7      | Reached skill level 1 in Stealth
  8695 | D:7      | Found a hide-covered altar of Uskayaw.
  8997 | D:7      | Noticed a moth of wrath
  9004 | D:7      | Found a bloodstained altar of Trog.
  9004 | D:7      | Noticed PyroL's ghost (novice HOFi)
  9011 | D:7      | Found a transporter.
  9101 | D:7      | Found a transporter.
  9301 | D:8      | Found a radiant altar of Vehumet.
  9369 | D:8      | Noticed Maurice
  9389 | D:8      | Killed Maurice
  9390 | D:8      | Gained mutation: You have a pair of antennae on your head.
                  | [demonic ancestry]
  9390 | D:8      | Reached XP level 9. HP: 50/68 MP: 10/10
  9879 | D:8      | Reached skill level 1 in Evocations
  9887 | D:8      | Reached skill level 8 in Long Blades
 10272 | D:9      | HP: 2/69 [orc warrior/+0 glaive (6)]
 10283 | D:9      | Shot with a bolt by an orc warrior

Illustrated notes

Levels and vault maps discovered:
D:1:      beargit_arrival_diablo_church, layout_basic, serial_shops, shop,
          serial_bayou, serial_bayou_pond_e, serial_bayou_shore_b,
          serial_bayou_pond_d, serial_bayou_shore_a
D:2:      layout_loops_cross, ebering_ecumenical_altar_box, serial_bayou_pond_c,
          dk_noncrumbling_3, minmay_unequal
D:3:      layout_loops_corners, serial_shops, shop, kennysheep_doodads,
          serial_bayou_pond_a, chequers_serial_rivers_small_b,
          grunt_ministairs_8
D:4:      layout_cave_pods
D:5:      layout_loops_cross, mainiacjoe_overflow_swirl, zin_angel,
          gup_sewer_entry_bowl, hangedman_decor_points, st_stairs_6
D:6:      gammafunk_wand_slinger, layout_layer_cave
D:7:      layout_basic, eat_drink_and_be_merry_uskayaw,
          minmay_temple_entry_water_ring, gammafunk_ghost_wrathful_warriors,
          nicolae_specific_store, uniq_prince_ribbit1
D:8:      layout_rooms, lemuel_doored_altar, minmay_parallelograms,
          dk_vineyard_3, uniq_maurice
D:9:      layout_long_grid, dpeg_oklobed_lair, david_orc_2

Skill      XL: |  1  2  3  4  5  6  7  8  9 |
---------------+----------------------------+-----
Long Blades    | 2 3 4 5 6 7 8 |  8.1
Armour         | 2 3 4 6 |  6.9
Dodging        | 1 |  1.9
Fighting       | 4 5 |  5.8
Shields        | 1 2 3 4 |  4.1
Stealth        | 1 |  1.2
Evocations     | 1 |  1.1
Throwing       | |  0.5
Invocations    | |  2.5

Action                   |  1- 3 |  4- 6 |  7- 9 || total
-------------------------+-------+-------+-------++-------
Melee: Falchion          |   137 |   195 |   269 ||   601
       Punch             |     2 |     6 |     5 ||    13
Throw: Dart              |       |       |     3 ||     3
Evoke: Wand              |       |       |     5 ||     5
  Use: Scroll            |     4 |     5 |     5 ||    14
       Potion            |       |     1 |     8 ||     9
Armor: Leather armour    |    88 |       |       ||    88
       Plate armour      |    54 |   186 |   233 ||   473
Dodge: Dodged            |   170 |    68 |    79 ||   317
Block: Other             |       |    43 |    97 ||   140
       Reflection        |       |     1 |     9 ||    10

Table legend: (Time is in decaauts)
 A = Elapsed time spent in this place.
 B = Non-inter-level travel time spent in this place.
 C = Inter-level travel time spent in this place.
 D = Time resting spent in this place.
 E = Time spent auto-exploring this place.
 F = Levels seen in this place.
 G = Mean time per level.
                   A        B        C        D        E       F      G
               +--------+--------+--------+--------+--------+-----+--------+
         Total |  10401 |  10098 |    303 |    351 |   7529 |  11 |  945.5 |
       Dungeon |   9830 |   9527 |    303 |    351 |   7225 |   9 | 1092.2 |
         Abyss |      1 |      1 |      0 |      0 |      0 |   1 |    1.0 |
         Sewer |    569 |    569 |      0 |      0 |    303 |   1 |  569.0 |
               +--------+--------+--------+--------+--------+-----+--------+

Top non-repeatable levels by time:
     D:1: 1788 daAuts
     D:6: 1407 daAuts
     D:7: 1398 daAuts
     D:4: 1232 daAuts
     D:5: 1077 daAuts
     D:3: 975 daAuts
     D:8: 958 daAuts
     D:2: 944 daAuts
   Sewer: 569 daAuts
     D:9: 47 daAuts
 Abyss:1: 1 daAuts
